 Dungeon Crawl Stone Soup version 0.20.1-1-g8b1a95d (webtiles) character file.

38768 tidbits the Martial Artist (level 13, -1/115 HPs)
             Began as a Demigod Transmuter on July 17, 2017.
             Slain by an orc warrior
             ... wielding a +0 halberd
              (25 damage)
             ... on level 2 of the Orcish Mines.
             The game lasted 02:12:04 (12822 turns).

tidbits the Martial Artist (Demigod Transmuter)    Turns: 12822, Time: 02:12:04

Health: -1/115     AC:  9    Str: 15    XL:     13   Next: 32%
Magic:  11/25      EV: 19    Int: 21    God:
Gold:   1489       SH:  4    Dex: 18    Spells: 7/23 levels left

rFire    . . .     SeeInvis .     - Unarmed
rCold    . . .     Gourm    .   (shield currently unavailable)
rNeg     . . .     Faith    .   B - +0 ring mail
rPois    .         Spirit   .   E - +0 helmet
rElec    .         Reflect  +   (no cloak)
rCorr    .         Harm     .   (gloves currently unavailable)
MR       +....                  (no boots)
Stlth    ++........             s - +4 amulet of reflection
Regen    0.3/turn               V - +3 ring of evasion
MPRegen  0.2/turn               U - +3 ring of protection

@: blade hands (expiring), very slightly contaminated
A: high mp 1
a: End Transformation


You were on level 2 of the Orcish Mines.
You were hungry.
You had blades for hands.
You visited 3 branches of the dungeon, and saw 19 of its levels.

You collected 1863 gold pieces.
You spent 374 gold pieces at shops.

Inventory:

Hand Weapons
 b - a +1 hunting sling (melded)
 X - a +2 dagger of electrocution
   (You took it off an orc wizard on level 9 of the Dungeon)
Missiles
 k - 464 stones
 m - 2 tomahawks of dispersal {!f}
 q - 57 arrows
 x - 31 tomahawks (quivered)
 O - 2 javelins
Armour
 j - the +10 plate armour "Lazec" {SInv}
   (You acquired it on level 1 of the Orcish Mines)

   It lets you see invisible.
 B - a +0 ring mail (worn)
 E - a +0 helmet (worn)
 H - a +2 robe of the Archmagi
   (You took it off an orc sorcerer on level 1 of the Orcish Mines)
 Q - a +0 buckler
 W - a +0 pair of gloves (melded)
Jewellery
 s - a +4 amulet of reflection (around neck)
   (You found it on level 2 of the Dungeon)
 K - an uncursed ring of protection from cold
   (You found it on level 6 of the Dungeon)
 P - a +3 ring of evasion
   (You found it on level 7 of the Dungeon)
 R - an uncursed ring of positive energy
   (You bought it in a shop on level 2 of the Orcish Mines)
 U - a +3 ring of protection (right scythe-like blade)
   (You found it on level 1 of the Lair of Beasts)
 V - a +3 ring of evasion (left scythe-like blade)
   (You took it off a kobold on level 1 of the Dungeon)
Wands
 f - a wand of paralysis (1/24)
 h - a wand of confusion (10/48)
 o - a wand of flame (31/48)
 u - a wand of acid (7/15)
 v - a wand of polymorph (12/24)
 z - a wand of clouds (0/9)
 G - a wand of lightning (7/15)
 I - a wand of enslavement (14/24)
 J - a wand of scattershot (6/9)
 N - a wand of flame (20/48)
 Y - a wand of confusion (13/48)
Scrolls
 a - 2 scrolls of enchant armour {unknown}
 g - a scroll of teleportation
 p - a scroll of amnesia {unknown}
 r - 3 scrolls of remove curse
 w - 2 scrolls of immolation
 y - 2 scrolls of fog
 A - 2 scrolls of magic mapping
 F - 2 scrolls of blinking
Potions
 e - 3 potions of flight
 n - 2 potions of brilliance
 t - 3 potions of berserk rage
 C - 5 potions of curing
 D - a potion of heal wounds
 L - 2 potions of haste
 M - 2 potions of agility
 T - 4 potions of might
 Z - a potion of invisibility {unknown}
Books
 c - a book of Changes

   Spells                             Type                      Level
   a - Beastly Appendage              Transmutation                1
   b - Sticks to Snakes               Transmutation                2
   c - Spider Form                    Transmutation/Poison         3
   d - Ice Form                       Ice/Transmutation            4
   e - Blade Hands                    Transmutation                5
 i - a book of Minor Magic
   (You found it on level 11 of the Dungeon)

   Spells                             Type                      Level
   a - Magic Dart                     Conjuration                  1
   b - Blink                          Translocation                2
   c - Call Imp                       Summoning                    2
   d - Slow                           Hexes                        2
   e - Conjure Flame                  Conjuration/Fire             3
   f - Mephitic Cloud                 Conjuration/Poison/Air       3
 l - a book of Maledictions
   (You found it on level 11 of the Dungeon)

   Spells                             Type                      Level
   a - Corona                         Hexes                        1
   b - Ensorcelled Hibernation        Hexes/Ice                    2
   c - Confuse                        Hexes                        3
   d - Tukima's Dance                 Hexes                        3
   e - Dazzling Spray                 Conjuration/Hexes            3
Comestibles
 d - 10 bread rations
 S - 10 chunks of flesh


   Skills:
 - Level 10.8 Fighting
 - Level 7.7 Dodging
 - Level 2.0 Stealth
 - Level 12.6 Unarmed Combat
 - Level 5.7 Spellcasting
 - Level 3.2 Hexes
 - Level 2.1 Translocations
 + Level 9.2 Transmutations
 - Level 4.2 Evocations


You had 7 spell levels left.
You knew the following spells:

 Your Spells              Type           Power        Failure   Level  Hunger
b - Blink                 Tloc           N/A          52%         2    None
e - Beastly Appendage     Tmut           #####.       11%         1    None
h - Blade Hands           Tmut           #####.....   50%         5    #####..
k - Sticks to Snakes      Tmut           #####...     13%         2    None
p - Spider Form           Tmut/Pois      ####......   43%         3    ##.....
u - Tukima's Dance        Hex            ###.....     56%         3    ##.....


Dungeon Overview and Level Annotations

Branches:
Dungeon (12/15)            Temple (0/1) D:4            Lair (5/6) D:9
  Swamp (0/4) Lair:3        Snake (0/4) Lair:3          Orc (2/2) D:11
    Elf (0/3) Orc:2
  Slime: Lair:5-6

Shops:
D:10 !   Orc:2 ?!*

Annotations:
Lair:1 exclusion: 2 oklob plants
Lair:5 Nessos


Innate Abilities, Weirdness & Mutations

You have an increased reservoir of magic. (+10% MP)


Message History

Things that are here:
a hand axe; an orc corpse You butcher the orc corpse.
S - 12 chunks of flesh (gained 3)
You see here a hand axe.
A sixfirhy comes into view.
Found Jaryer's Distillery.
Some of the chunks of flesh in your inventory have rotted away.
An orc comes into view.
It is wielding a club. 2 orcs come into view.
The orc shouts! x2
An orc priest comes into view. It is wielding a mace.
An orc warrior comes into view. It is wielding a halberd.
The orc shouts!
The orc priest shouts!
An orc warrior and a hellwing come into view.
The orc warrior shouts!
The orc warrior shouts!
You shred the orc priest!!!
You kill the orc priest!
An orc comes into view. It is wielding a hand axe.
You slice the orc!!
You kill the orc!
You closely miss the orc. You slash the orc!
You kill the orc!
The orc warrior barely misses you.
Your transformation is almost over.
You barely miss the orc warrior. You block the orc warrior's attack.
You slash the orc warrior!
The orc warrior is heavily wounded.
You hit the orc warrior.
The orc warrior is severely wounded.
The orc barely misses you. You block the orc warrior's attack.
You slash the orc warrior!
You kill the orc warrior!
The orc warrior misses you. The orc hits you with a hand axe.
You shred the orc!!!
You kill the orc!
You slice the orc!!
You kill the orc!
The orc warrior hits you from afar with a halberd!
The sixfirhy misses you.
The orc warrior hits you with a halberd!
Items here: )) [ †† a hand axe; a flail; a plate armour; an orc corpse x2
You slash the orc warrior!
The orc warrior is moderately wounded.
The sixfirhy hits you but does no damage.
The sixfirhy hits you! The sixfirhy shocks you!
The sixfirhy closely misses you.
You slice the sixfirhy!!
The sixfirhy is severely wounded.
You hear a chilling moan.
You hear a shout!
The sixfirhy misses you. The sixfirhy closely misses you.
The orc warrior barely misses you.
The sixfirhy hits you but does no damage.
You completely miss the sixfirhy.
The sixfirhy is severely wounded.
The orc warrior hits you with a halberd!
* * * LOW HITPOINT WARNING * * *
You hit the sixfirhy.
The sixfirhy is severely wounded.
You slice the sixfirhy!!
You kill the sixfirhy!
Your hands revert to their normal proportions.
Your +1 hunting sling unmelds from your body.
Your +0 pair of gloves unmelds from your body.
You block the orc warrior's attack.
Really attack while wielding your +1 hunting sling?
Okay, then.
Casting: Blade Hands
Confirm with . or Enter, or press ? or * to list all spells.
Your hands turn into razor-sharp scythe blades.
Your +1 hunting sling melds into your body.
Your +0 pair of gloves melds into your body.
You are feeling hungry.
The hellwing swoops through the air toward you!
The hellwing hits you.
* * * LOW HITPOINT WARNING * * *
The hellwing misses you. You block the orc warrior's attack.
Unknown command.
You hit the hellwing but do no damage.
The hellwing hits you but does no damage.
The hellwing hits you.
* * * LOW HITPOINT WARNING * * *
The orc warrior hits you with a halberd!
* * * LOW HITPOINT WARNING * * *
Unknown command.
You hit the hellwing but do no damage. The hellwing hits you.
* * * LOW HITPOINT WARNING * * *
The hellwing hits you.
* * * LOW HITPOINT WARNING * * *
A rust devil comes into view.
Unknown command.
The rust devil screeches!
You shred the hellwing!!!
The hellwing is severely wounded.
Your transformation is almost over.
You hear a shout!
The orc warrior hits you with a halberd!!
You die...

#..## #.... # #...## ##...#.4.
#####...###∩.#.....
#.##...###.....#..#
....#...###∩.#.... ##
.........###...#....##
..........###....#...##
...........###.)o..o..#
............###4@##
.............###).## #
..............###..## ##.
...............###..## ##..
................###..## ##...
.................###..## ##....
..................###..## ##.....
...................###..###......
................^...##)..#....)..


You could see a hellwing, a rust devil and 2 orc warriors.

Vanquished Creatures
  An ettin (Orc:2)
  Harold (Lair:1)
  Erica (D:8)
  8 two-headed ogres
  An ogre mage (Orc:2)
  An orc high priest (Orc:2)
  A sixfirhy (Orc:2)
  An unseen horror (D:11)
  Pikel (D:9)
  2 ugly things (D:11)
  4 orc knights
  5 orc sorcerers
  2 black mambas
  An orange demon (Orc:2)
  A gargoyle (D:11)
  5 spiny frogs
  A rime drake (Lair:4)
  A kobold demonologist (D:12)
  4 komodo dragons
  3 trolls
  3 hornets
  A queen bee (D:8)
  A polar bear (Lair:5)
  4 blink frogs (Lair:4)
  4 hippogriffs
  A meliai zombie (D:10)
  Sigmund (D:4)
  A shadow (D:11)
  A vampire (D:10)
  A basilisk (Lair:4)
  30 yaks
  A hungry ghost (D:8)
  A warg (Orc:2)
  A soldier ant (D:11)
  11 water moccasins
  6 porcupines
  22 orc warriors
  4 sky beasts
  A phantom (D:10)
  A slave (D:9)
  A black bear (Lair:1)
  A hornet zombie (D:9)
  8 wolves
  4 centaurs
  5 crocodiles
  13 ogres
  2 big kobolds
  Blork the orc (D:11)
  9 bullfrogs
  2 gnoll sergeants
  A scorpion (D:11)
  22 killer bees
  11 wights (D:11)
  4 howler monkeys
  5 crimson imps
  2 bullfrog zombies
  A quasit (D:12)
  5 hounds
  2 jellies
  20 orc priests
  14 orc wizards
  A centaur skeleton (D:11)
  3 iguanas
  Natasha (D:3)
  11 worker ants
  A worker ant zombie (D:10)
  Robin (D:4)
  12 gnolls
  19 adders
  2 shadow imps
  2 oozes
  2 adder skeletons
  An adder zombie (D:5)
  2 worms
  2 dart slugs
  6 leopard geckos
  74 orcs
  9 giant cockroaches
  16 goblins
  4 hobgoblins
  17 jackals
  14 kobolds
  3 quokkas
  A ball python (D:5)
  3 bats
  7 frilled lizards
  2 giant cockroach zombies
  A quokka zombie (D:7)
  7 rats
498 creatures vanquished.

Vanquished Creatures (collateral kills)
  A two-headed ogre (D:8)
  2 slaves (D:9)
  An ogre (D:9)
  A bullfrog (D:9)
  A killer bee (D:9)
  2 adders
  A worm (D:2)
  2 orcs
  A giant cockroach (D:1)
  A goblin (D:4)
  2 hobgoblins
  2 jackals (D:2)
  A rat (D:3)
  2 plants
20 creatures vanquished.

Vanquished Creatures (others)
  A goblin (D:2)
  2 fungi (Lair:5)
  A plant (Lair:1)
4 creatures vanquished.

Grand Total: 522 creatures vanquished

Notes
Turn   | Place    | Note
-------+----------+-------------------------------------------
     0 | D:1      | tidbits the Demigod Transmuter began the quest for the Orb.
     0 | D:1      | Reached XP level 1. HP: 15/15 MP: 5/5
    71 | D:1      | Reached skill level 1 in Stealth
   140 | D:1      | Reached XP level 2. HP: 10/22 MP: 5/7
   144 | D:1      | Learned a level 2 spell: Sticks to Snakes
   287 | D:1      | Reached skill level 3 in Unarmed Combat
   534 | D:1      | Reached skill level 2 in Stealth
   612 | D:2      | Reached XP level 3. HP: 14/27 MP: 4/8
   976 | D:2      | Reached skill level 4 in Unarmed Combat
  1272 | D:2      | Reached XP level 4. HP: 34/34 MP: 6/9
  1296 | D:2      | Reached skill level 2 in Spellcasting
  1301 | D:2      | Learned a level 3 spell: Spider Form
  1368 | D:2      | Reached skill level 1 in Fighting
  1466 | D:4      | Noticed an ogre
  1590 | D:3      | Found a hazy altar of Hepliaklqana.
  1707 | D:3      | Reached skill level 2 in Transmutations
  1836 | D:3      | Noticed Natasha
  1838 | D:3      | Killed Natasha
  1867 | D:3      | Reached XP level 5. HP: 41/41 MP: 6/10
  1980 | D:4      | Noticed Sigmund
  1987 | D:4      | Found a staircase to the Ecumenical Temple.
  2002 | D:3      | Reached skill level 3 in Transmutations
  2113 | D:4      | Killed Sigmund
  2113 | D:4      | Reached skill level 4 in Transmutations
  2113 | D:4      | Reached XP level 6. HP: 36/48 MP: 9/12
  2185 | D:5      | Entered Level 5 of the Dungeon
  2416 | D:4      | Reached skill level 5 in Unarmed Combat
  2492 | D:4      | Noticed Robin
  2723 | D:4      | Killed Robin
  2785 | D:6      | Reached skill level 2 in Dodging
  2785 | D:6      | Reached XP level 7. HP: 50/53 MP: 9/13
  2944 | D:6      | Found a bloodstained altar of Trog.
  3041 | D:6      | Reached skill level 3 in Dodging
  3301 | D:5      | Reached skill level 3 in Spellcasting
  3428 | D:5      | Found a stormy altar of Qazlal.
  3431 | D:5      | Found a white marble altar of Elyvilon.
  3434 | D:5      | Found a hide-covered altar of Uskayaw.
  3476 | D:5      | Noticed a hornet
  3500 | D:5      | Killed a hornet
  3500 | D:5      | Reached skill level 4 in Spellcasting
  3544 | D:5      | Reached XP level 8. HP: 57/61 MP: 14/18
  3551 | D:5      | Learned a level 5 spell: Blade Hands
  3640 | D:5      | Found a deep blue altar of Sif Muna.
  3689 | D:5      | Reached skill level 5 in Transmutations
  3969 | D:8      | Reached skill level 6 in Transmutations
  3996 | D:8      | Noticed a two-headed ogre
  4159 | D:8      | Noticed a hornet
  4172 | D:8      | Killed a two-headed ogre
  4172 | D:8      | Reached skill level 7 in Transmutations
  4193 | D:7      | Reached skill level 8 in Transmutations
  4256 | D:7      | Reached XP level 9. HP: 59/67 MP: 15/19
  4487 | D:8      | Noticed a two-headed ogre
  4700 | D:8      | Reached skill level 6 in Unarmed Combat
  4920 | D:9      | Noticed Pikel
  4940 | D:9      | Reached skill level 7 in Unarmed Combat
  4958 | D:9      | Killed Pikel
  4977 | D:9      | Found a staircase to the Lair.
  4984 | D:9      | Reached skill level 8 in Unarmed Combat
  5229 | D:8      | Noticed a two-headed ogre
  5250 | D:8      | Killed a two-headed ogre
  5250 | D:8      | Reached skill level 9 in Unarmed Combat
  5281 | D:8      | Noticed Erica
  5282 | D:8      | Reached XP level 10. HP: 73/73 MP: 16/20
  5319 | D:8      | Killed Erica
  5319 | D:8      | Reached skill level 10 in Unarmed Combat
  5366 | D:9      | Reached skill level 2 in Fighting
  5427 | D:10     | Entered Level 10 of the Dungeon
  5436 | D:10     | Reached skill level 3 in Fighting
  5508 | D:9      | Noticed a two-headed ogre
  5524 | D:9      | Killed a two-headed ogre
  5524 | D:9      | Reached skill level 4 in Fighting
  5772 | D:9      | Reached skill level 5 in Fighting
  5934 | D:8      | Paralysed by a hornet for 2 turns
  5941 | D:8      | Paralysed by a hornet for 1 turns
  6122 | D:8      | Found a sparkling altar of Nemelex Xobeh.
  6298 | D:10     | Found Katolataa's Distillery.
  6320 | D:10     | Bought a potion of haste for 140 gold pieces
  6320 | D:10     | Bought 2 potions of curing for 84 gold pieces
  6341 | D:10     | Reached skill level 6 in Fighting
  6436 | D:11     | Noticed a two-headed ogre
  6441 | D:11     | Killed a two-headed ogre
  6522 | D:11     | Found a staircase to the Orcish Mines.
  6657 | D:10     | Reached skill level 9 in Transmutations
  6675 | D:11     | Noticed a two-headed ogre
  6756 | D:11     | Reached XP level 11. HP: 42/91 MP: 16/21
  6761 | D:11     | Reached skill level 4 in Dodging
  6982 | D:11     | Reached skill level 5 in Dodging
  7011 | D:11     | Killed an unseen horror
  7143 | D:11     | Reached skill level 6 in Dodging
  7165 | D:11     | Learned a level 2 spell: Blink
  7271 | D:10     | Reached skill level 1 in Translocations
  7324 | D:10     | Reached skill level 2 in Translocations
  7549 | Lair:1   | Entered Level 1 of the Lair of Beasts
  7702 | Lair:1   | Reached skill level 11 in Unarmed Combat
  7771 | Lair:1   | Reached skill level 7 in Fighting
  7772 | Lair:1   | Noticed an eight-headed hydra
  8068 | Lair:3   | Found a staircase to the Swamp.
  8181 | Lair:2   | Reached skill level 1 in Evocations
  8344 | Lair:2   | Reached skill level 2 in Evocations
  8476 | Lair:4   | Reached skill level 3 in Evocations
  8565 | Lair:5   | Noticed Nessos
  8657 | Lair:4   | Reached skill level 4 in Evocations
  8912 | Lair:3   | Reached skill level 7 in Dodging
  8917 | Lair:3   | Reached XP level 12. HP: 48/101 MP: 12/22
  9145 | Lair:4   | Reached skill level 8 in Fighting
  9195 | Lair:5   | Noticed a five-headed hydra
  9299 | Lair:5   | Reached skill level 9 in Fighting
  9344 | Lair:3   | Found a staircase to the Snake Pit.
  9470 | Lair:3   | Got a warped chain mail
  9529 | Lair:1   | Identified the +2 chain mail of Dograthriutu {+Inv rPois Str-4 SInv} (You found it on level 3 of the Lair of Beasts)
  9583 | Lair:1   | Noticed Harold
  9622 | Lair:1   | Killed Harold
  9703 | Orc:1    | Entered Level 1 of the Orcish Mines
  9710 | Orc:1    | Noticed Blork the orc
  9710 | Orc:1    | Reached skill level 10 in Fighting
  9946 | D:11     | Killed Blork the orc
 10039 | Orc:2    | Entered Level 2 of the Orcish Mines
 10074 | Orc:1    | Identified a scroll of acquirement
 10075 | Orc:1    | Got a fine plate armour
 10086 | Orc:1    | Identified the +10 plate armour "Lazec" {SInv} (You acquired it on level 1 of the Orcish Mines)
 10156 | Orc:1    | Learned a level 3 spell: Tukima's Dance
 10250 | Orc:1    | Reached skill level 1 in Hexes
 10398 | D:11     | Reached skill level 5 in Spellcasting
 10476 | D:11     | Reached skill level 2 in Hexes
 10776 | D:12     | Noticed a centaur warrior
 11099 | Orc:1    | HP: 5/108 [two-headed ogre/giant spiked club (16)]
 11105 | Orc:1    | Reached skill level 3 in Hexes
 11694 | Orc:2    | Reached XP level 13. HP: 112/115 MP: 20/25
 12186 | Orc:2    | Found Saff's Magic Scroll Shop.
 12263 | Orc:2    | Reached skill level 12 in Unarmed Combat
 12549 | Orc:2    | Found a staircase to the Elven Halls.
 12587 | Orc:2    | Found Zapamo's Assorted Antiques.
 12605 | Orc:2    | Bought a twisted garnet ring for 150 gold pieces
 12796 | Orc:2    | Found Jaryer's Distillery.
 12822 | Orc:2    | Slain by an orc warrior

Skill      XL: |  1  2  3  4  5  6  7  8  9 10 11 12 13 |
---------------+----------------------------------------+-----
Stealth        | 1 2 |  2.0
Unarmed Combat | 3 4 5 9 10 11 12 | 12.6
Spellcasting   | 2 4 5 |  5.7
Fighting       | 1 6 7 10 | 10.8
Transmutations | 2 4 8 9 |  9.2
Dodging        | 2 3 7 |  7.7
Translocations | 2 |  2.1
Evocations     | 4 |  4.2
Hexes          | 3 |  3.2

Action                   |  1- 3 |  4- 6 |  7- 9 | 10-12 | 13-15 || total
-------------------------+-------+-------+-------+-------+-------++-------
Melee: Unarmed           |    99 |   123 |   273 |   611 |   146 ||  1252
       Headbutt          |    12 |     3 |       |       |       ||    15
       Kick              |     6 |     8 |     2 |       |       ||    16
       Punch             |     1 |     1 |       |    23 |     9 ||    34
       Hunting sling     |       |       |       |     1 |       ||     1
 Fire: Hunting sling     |    29 |    63 |    50 |    21 |       ||   163
Throw: Tomahawk          |       |       |     3 |       |       ||     3
 Cast: Beastly Appendage |    28 |    10 |     1 |       |       ||    39
       Sticks to Snakes  |    16 |    12 |    20 |    32 |       ||    80
       Spider Form       |       |    14 |    38 |    19 |       ||    71
       Blade Hands       |       |       |       |    69 |    17 ||    86
 Abil: End Transformatio |       |     1 |     4 |     7 |     2 ||    14
Evoke: Wand              |     4 |       |     1 |    29 |     1 ||    35
  Use: Scroll            |     2 |     6 |     6 |    12 |       ||    26
       Potion            |     2 |       |       |     4 |       ||     6
 Stab: Sleeping          |     1 |     1 |     5 |     1 |       ||     8
       Distracted        |       |     2 |     1 |     2 |       ||     5
       Confused          |       |       |       |     5 |       ||     5
       Paralysed         |       |       |       |       |     2 ||     2
  Eat: Chunk             |     3 |     8 |    10 |    26 |     9 ||    56
       Royal jelly       |       |       |     1 |     6 |       ||     7
       Meat ration       |       |       |       |     1 |       ||     1
       Bread ration      |       |       |       |     1 |       ||     1
Armor: Robe              |    19 |     9 |     3 |     1 |       ||    32
       Skin              |       |     2 |     4 |     1 |       ||     7
       Ring mail         |       |       |       |    57 |    22 ||    79
Dodge: Dodged            |    64 |    83 |   187 |   459 |    88 ||   881
Block: Other             |       |    24 |    42 |    88 |    23 ||   177
       Reflection        |       |     4 |       |     7 |     1 ||    12

Table legend:
 A = Turns spent in this place as a percentage of turns spent in the entire game.
 B = Non-inter-level travel turns spent in this place as a percentage of non-inter-level travel turns spent in the entire game.
 C = Inter-level travel turns spent in this place as a percentage of turns spent in this place.
 D = Turns resting spent in this place as a percentage of non-inter-level travel turns spent in this place.
 E = Turns spent auto-exploring this place as a percentage of non-inter-level travel turns spent in this place.
 F = Non-inter-level travel turns spent in this place divided by the number of levels of this place that you've seen.
                   A       B       C       D       E      F
               +-------+-------+-------+-------+-------+----------------------
         Total | 100.0 | 100.0 |   0.2 |   0.3 |   0.0 | 569.6
       Dungeon |  66.9 |  66.9 |   0.3 |   0.2 |   0.0 | 603.1
          Lair |  19.1 |  19.1 |   0.1 |   0.0 |   0.0 | 413.4
  Orcish Mines |  14.0 |  14.0 |   0.0 |   1.1 |   0.0 | 759.5
               +-------+-------+-------+-------+-------+----------------------

Table legend:
 A = Kills in this place as a percentage of kills in entire the game.
 B = Kills by you in this place as a percentage of kills by you in the entire game.
 C = Kills by friends in this place as a percentage of kills by friends in the entire game.
 D = Other kills in this place as a percentage of other kills in the entire game.
 E = Experience gained in this place as a percentage of experience gained in the entire game.
 F = Experience gained in this place divided by the number of levels of this place that you have seen.
                   A       B       C       D       E      F
               +-------+-------+-------+-------+-------+----------------------
         Total | 100.0 | 100.0 | 100.0 | 100.0 | 100.0 | 2914.9
       Dungeon |  63.2 |  61.6 | 100.0 | 100.0 |  39.6 | 1827.9
          Lair |  15.5 |  16.1 |   0.0 |   0.0 |  29.0 | 3208.4
  Orcish Mines |  21.3 |  22.2 |   0.0 |   0.0 |  31.4 | 8703.0
               +-------+-------+-------+-------+-------+----------------------

Vault maps used:
D:1:      dpeg_arrival_court, minmay_misc_feat_roman
D:3:      marbit_many_paths, grunt_ministairs_13,
          hangedman_abyss_or_decor_stabs, uniq_natasha
D:4:      minmay_temple_entry_glass, uniq_robin, uniq_sigmund
D:5:      led_sif_book, grunt_temple_overflow_diamond, first_bread,
          kennysheep_generic_room_5
D:6:      trog_three_pillars_becter
D:8:      grunt_ministairs_1, david_nohive_1, nemelex_diamond_rough_becter,
          uniq_erica
D:9:      lair_entry_dummy, lightli_orcish_oven, uniq_pikel
D:10:     serial_shops, shop, minmay_unpleasant_kobolds
D:11:     orc_0_dummy
Lair:1:   zaba_anthole, minivault_11, minmay_lair_oklob_chamber, uniq_harold
Lair:2:   grunt_megastairs_4, lemuel_fruit_tree, infiniplex_staircase_pool_2
Lair:3:   swamp_mist, minmay_snake_entry_six_corridors, grunt_megastairs_1,
          infiniplex_staircase_pool
Lair:4:   serial_bayou, serial_bayou_pond_c, serial_bayou_pond_c,
          serial_bayou_shore_b, serial_bayou_lagoon_b
Lair:5:   serial_bayou_lake_a, serial_bayou_shore_a, grunt_megastairs_3,
          uniq_nessos
Orc:1:    enter_bailey_2, portal_ice_cave_entry_pillars_2, sword_in_stone
Orc:2:    pf_orc_diabolical, serial_shops, shop
